 Dungeon Crawl Stone Soup version 0.23.0 (webtiles) character file.

Game seed: 4347299862773860738

50089 Monsterracer the Spear-Bearer (level 14, -3/118 HPs)
             Began as a Vampire Berserker on Feb 18, 2019.
             Was the Champion of Trog.
             Slain by a spectral orc warrior
             ... wielding a +0 halberd
             ... summoned by Nergalle
              (9 damage)
             ... on level 3 of the Lair of Beasts.
             The game lasted 00:29:06 (18311 turns).

Monsterracer the Spear-Bearer (Vampire Berserker)  Turns: 18311, Time: 00:29:07

Health: -3/118     AC: 12    Str: 20    XL:     14   Next: 18%
Magic:  14/14      EV: 18    Int: 10    God:    Trog [******]
Gold:   1306       SH:  6    Dex: 14    Spells: 13/13 levels left

rFire    . . .     SeeInvis +   a - +6 demon trident (freeze)
rCold    + . .     Gourm    .   J - +2 buckler
rNeg     . . .     Faith    .   (no armour)
rPois    .         Spirit   .   x - +3 helmet of the Louse {rC+}
rElec    .         Reflect  .   D - +1 cloak
rCorr    +         Harm     .   s - +2 pair of gloves
MR       +....                  G - +0 pair of boots
Stlth    +.........             (no amulet)
HPRegen  0.49/turn              w - +2 ring of protection
MPRegen  0.14/turn              F - ring of resist corrosion

@: regenerating quickly, heavily drained
A: rotting body, fangs 3, see invisible, unbreathing
a: Berserk, Trog's Hand, Brothers in Arms, Renounce Religion


You were on level 3 of the Lair of Beasts.
You worshipped Trog.
Trog was exalted by your worship.
You were full.

You visited 4 branches of the dungeon, and saw 19 of its levels.
You also visited: Sewer.

You collected 1618 gold pieces.
You spent 312 gold pieces at shops.

Inventory:

Hand Weapons
 a - a +6 demon trident of freezing (weapon)
Armour
 s - a +2 pair of gloves (worn)
 x - the +3 helmet of the Louse (worn) {rC+}
   (You found it on level 5 of the Dungeon)

   It protects you from cold.
 B - the +3 leather armour "Pabiki" {rElec rCorr Slay+5 Stlth-}
   (You bought it in a shop on level 9 of the Dungeon)

   It affects your accuracy and damage with ranged weapons and melee attacks
   (+5).
   It insulates you from electricity.
   It provides partial protection from all sources of acid and corrosion.
   It makes you less stealthy.
 D - a +1 cloak (worn)
 G - a +0 pair of boots (worn)
 J - a +2 buckler (worn)
Jewellery
 w - a +2 ring of protection (left hand)
 F - a ring of resist corrosion (right hand)
 I - an uncursed ring of magical power
Wands
 c - a wand of polymorph (12)
 k - a wand of acid (16)
 l - a wand of iceblast (16)
 n - a wand of enslavement (18)
 o - a wand of digging (1)
 y - a wand of clouds (13)
 C - a wand of flame (13)
Scrolls
 f - a scroll of identify
 m - 4 scrolls of magic mapping
 r - a scroll of remove curse
 t - 9 scrolls of teleportation {!r}
 u - 4 scrolls of fog
 A - a scroll of fear {!r}
 X - 2 scrolls of blinking
Potions
 b - a potion of lignification
 d - 9 potions of heal wounds
 e - 12 potions of curing
 g - a potion of agility
 h - 4 potions of haste
 i - 4 potions of magic
 j - 2 potions of might
 q - 26 potions of blood
 v - a potion of berserk rage {!q}
 z - a potion of brilliance
 E - a potion of cancellation
 H - 2 potions of resistance
Miscellaneous
 p - a box of beasts


   Skills:
 * Level 13.5(11.5) Fighting
 - Level 14.0(11.8) Polearms
 - Level 5.2(3.5) Armour
 + Level 12.0(10.0) Dodging
 - Level 4.0(2.3) Shields


You had 13 spell levels left.
You didn't know any spells.
Your spell library was empty.

Dungeon Overview and Level Annotations

Branches:
Dungeon (10/15)            Temple (0/1) D:4            Lair (6/6) D:10
  Swamp (0/4) Lair:3        Snake (1/4) Lair:4        Slime (0/5) Lair:6
    Orc (2/2) D:9             Elf (0/3) Orc:2

Altars:
Cheibriados
Hepliaklqana
Kikubaaqudgha
Makhleb
Okawaru
Ru
Trog
Vehumet
Xom
Yredelemnul
Zin
The Shining One

Shops:
D:6 }   D:9 *   D:10 (

Annotations:
Lair:3 Nergalle


Innate Abilities, Weirdness & Mutations

Your body is rotting away.
You thrive on raw meat.
Your natural rate of healing is unusually fast.
You have razor-sharp teeth.
You have supernaturally acute eyesight. (SInv)
You can survive without breathing.


Message History

You hit the spectral orc. You freeze the spectral orc.
You destroy the spectral orc!
You block the spectral orc warrior's attack.
You block Nergalle's attack.
You block the spectral orc warrior's attack.
The spectral orc warrior hits you but does no damage. x2
The spectral orc warrior closely misses you. x2
The spectral orc warrior barely misses you.
You completely miss the spectral orc warrior.
You block the spectral orc warrior's attack.
You impale the spectral orc warrior!! You freeze the spectral orc warrior.
Your bite misses the spectral orc warrior.
The spectral orc warrior is almost destroyed.
The spectral orc warrior closely misses you.
You block Nergalle's attack.
You block the spectral orc warrior's attack.
The spectral orc warrior barely misses you. x2
You hit the spectral orc warrior.
You destroy the spectral orc warrior!
The spectral orc warrior completely misses you.
Nergalle barely misses you.
You block the spectral orc warrior's attack. x2
You hit the spectral orc warrior but do no damage.
You bite the spectral orc warrior, but do no damage.
The spectral orc warrior misses you.
The spectral orc warrior barely misses you.
You barely miss the spectral orc warrior.
Nergalle barely misses you.
You block the spectral orc warrior's attack.
The spectral orc warrior closely misses you.
You puncture the spectral orc warrior! You freeze the spectral orc warrior.
The spectral orc warrior is heavily damaged.
The spectral orc warrior hits you from afar with a +0 glaive!
Nergalle points at the spectral orc warrior and mumbles some strange words.
The spectral orc warrior seems to speed up.
The spectral orc warrior barely misses you.
You take 11 damage, and have 64/118 hp.
Drop what? 37/52 slots (_ for help) (? for menu, Esc to quit)
Okay, then.
Take off which item? (? for menu, Esc to quit)
That's the wrong kind of item! (Use * to select it.) Take off which item? (? for menu, Esc to quit)
The spectral orc warrior closely misses you.
The spectral orc warrior barely misses you.
The spectral orc warrior completely misses you.
The spectral orc warrior barely misses you.
Nergalle casts a spell at you.
Orcish apparitions take form around you.
Keep disrobing?
You start removing your armour.
You continue taking off the +3 leather armour "Pabiki" {rElec rCorr Slay+5 Stlth-}.
The spectral orc warrior hits you but does no damage.
The spectral orc warrior misses you.
You block the spectral orc warrior's attack.
The spectral orc warrior hits you but does no damage.
Nergalle points at you and mumbles some strange words.
The bolt of negative energy hits you!!
You feel drained.
* * * LOW HITPOINT WARNING * * *
The spectral orc warrior hits you but does no damage.
You continue taking off the +3 leather armour "Pabiki" {rElec rCorr Slay+5 Stlth-}.
The spectral orc warrior barely misses you.
You block the spectral orc warrior's attack.
The spectral orc warrior completely misses you.
The spectral orc warrior closely misses you.
Nergalle hits you but does no damage.
The spectral orc warrior barely misses you.
You continue taking off the +3 leather armour "Pabiki" {rElec rCorr Slay+5 Stlth-}.
The spectral orc warrior hits you but does no damage.
You block the spectral orc warrior's attack.
The spectral orc warrior barely misses you. x2
You block the spectral orc warrior's attack.
Nergalle casts a spell at you. The bolt of negative energy hits you!!
You feel drained.
* * * LOW HITPOINT WARNING * * *
The spectral orc warrior hits you with a +0 mace.
* * * LOW HITPOINT WARNING * * *
You continue taking off the +3 leather armour "Pabiki" {rElec rCorr Slay+5 Stlth-}.
You block the spectral orc warrior's attack.
The spectral orc warrior barely misses you.
You block the spectral orc warrior's attack.
The spectral orc warrior closely misses you. x2
Nergalle barely misses you.
You finish taking off the +3 leather armour "Pabiki" {rElec rCorr Slay+5 Stlth-}.
You take 55 damage, and have 9/118 hp.
MASSIVE DAMAGE!!
Unknown command.
Wear which item? (? for menu, Esc to quit)
The spectral orc warrior misses you.
You block the spectral orc warrior's attack.
Keep equipping yourself?
The spectral orc warrior hits you with a +0 mace.
* * * LOW HITPOINT WARNING * * *
The spectral orc warrior barely misses you.
The spectral orc warrior completely misses you.
Nergalle hits you but does no damage.
You start putting on your armour.
You continue putting on the +3 leather armour "Pabiki" {rElec rCorr Slay+5 Stlth-}.
The spectral orc warrior closely misses you.
The spectral orc warrior barely misses you. x2
The spectral orc warrior hits you from afar with a +0 halberd!
You die...

..
..P......#.................
..
..#......P.................
..
..#.........#...P+#........ .
.........#.........#.......
..#......#..#.........##..#
.....................######
.........Z..#......#.##
........P.#.#.Z#ZZ#......#..#
....>.........Zo@..........##
...............Z.........#.#
.......###..###...#P.#P.#..##
............................#
......#.......♣P.♣♣##.##.#..#
#.#..........♣♣♣≈P♣ ######.##
....#.P.......♣♣.♣♣ #..P# #
............♣.♣.≈♣ ##..#####
......#...♣♣♣♣♣≈.♣♣♣♣♣♣
##.......


You could see Nergalle, a spectral orc and 5 spectral orc warriors.

Vanquished Creatures
  Gastronok (Lair:1)
  Nessos (Lair:6)
  Josephine (Orc:2)
  4 hydras
  2 two-headed ogres
  Urug (Orc:1)
  2 orc knights
  An orc sorcerer (Orc:1)
  2 oklob plants (Lair:1)
  The ghost of Gazerockf the Fighter, a novice MiBe of Trog (D:6)
  2 black mambas
  13 elephants
  30 spiny frogs
  6 komodo dragons
  A polar bear (Lair:6)
  The ghost of GenChuck the Magician, a novice SpCj of Sif Muna (D:4)
  A hornet (D:10)
  3 trolls
  3 tyrant leeches (Lair:6)
  5 hippogriffs
  20 blink frogs
  2 bog bodies (Lair:3)
  33 yaks
  Sigmund (D:3)
  2 wyverns
  4 wraiths
  2 hungry ghosts
  6 vampire mosquitoes (Lair:6)
  Grum (D:8)
  3 nagas (Lair:4)
  2 hell hounds (Lair:1)
  15 water moccasins
  4 porcupines
  8 orc warriors
  2 sky beasts (D:7)
  A black bear (D:7)
  3 ice beasts (D:10)
  2 phantoms
  A necrophage (D:7)
  7 wolves
  4 ogres
  6 centaurs
  17 crocodiles
  A big kobold (D:7)
  23 bullfrogs
  2 scorpions
  5 killer bees (D:9)
  6 wights
  3 howler monkeys
  3 electric eels
  4 crimson imps
  4 hounds
  2 centaur skeletons
  An iron imp (D:7)
  A jelly (D:10)
  A bullfrog zombie (D:10)
  8 orc priests
  Crazy Yiuf (D:7)
  3 iguanas
  Terence (D:3)
  Jessica (D:3)
  2 bullfrog skeletons
  Ijyb (D:3)
  8 orc wizards
  10 worker ants
  A hound skeleton (D:7)
  A howler monkey skeleton (D:3)
  3 worker ant zombies
  4 adders
  A river rat (Sewer)
  3 shadow imps
  A howler monkey simulacrum (D:6)
  An ooze (D:1)
  An adder skeleton (D:5)
  4 worms
  3 dart slugs (D:1)
  5 leopard geckos
  24 orcs
  3 giant cockroaches
  7 goblins
  12 hobgoblins
  9 jackals
  2 quokkas
  6 ball pythons
  A ball python skeleton (D:4)
  7 bats
  8 frilled lizards
  2 gnoll zombies (D:6)
  9 kobolds
  A quokka skeleton (D:9)
  11 rats
  A plant (Lair:1)
449 creatures vanquished.

Vanquished Creatures (others)
  A yak (D:9)
  14 fungi
  32 plants (Lair:6)
47 creatures vanquished.

Grand Total: 496 creatures vanquished

Notes
Turn   | Place    | Note
-------+----------+-------------------------------------------
     0 | D:1      | Monsterracer the Vampire Berserker began the quest for the
                  | Orb.
     0 | D:1      | Reached XP level 1. HP: 17/17 MP: 1/1
    43 | D:1      | Reached skill level 3 in Polearms
    46 | D:1      | Reached XP level 2. HP: 20/23 MP: 2/2
   349 | D:1      | HP: 18/36 [hobgoblin (3)]
   353 | D:1      | Reached XP level 3. HP: 20/29 MP: 3/3
   510 | D:1      | Reached ** piety under Trog
  1325 | D:2      | Reached skill level 4 in Polearms
  1362 | D:2      | Found a glowing golden altar of the Shining One.
  1443 | D:2      | Found a hazy altar of Hepliaklqana.
  1496 | D:2      | Found a faded altar of an unknown god.
  1772 | D:3      | HP: 14/29 [orc priest/divine providence (14)]
  1892 | D:3      | Reached XP level 4. HP: 35/35 MP: 4/4
  2065 | D:3      | Found a radiant altar of Vehumet.
  2066 | D:3      | Found a bloodstained altar of Trog.
  2070 | D:3      | Noticed Jessica
  2071 | D:3      | Noticed Terence
  2072 | D:3      | Noticed Sigmund
  2079 | D:3      | Killed Terence
  2082 | D:3      | Killed Jessica
  2082 | D:3      | Reached XP level 5. HP: 36/42 MP: 5/5
  2092 | D:3      | HP: 28/63 [Sigmund/cursed -1 scythe (6)]
  2094 | D:3      | Killed Sigmund
  2094 | D:3      | Reached skill level 5 in Polearms
  2094 | D:3      | Reached XP level 6. HP: 32/48 MP: 6/6
  2112 | D:3      | Found a sacrificial altar of Ru.
  2269 | D:3      | Found a glowing drain.
  2310 | Sewer    | Entered a sewer
  2384 | Sewer    | Reached *** piety under Trog
  2803 | D:3      | Noticed Ijyb
  2814 | D:3      | Killed Ijyb
  3208 | D:4      | Found an iron altar of Okawaru.
  3223 | D:4      | Reached skill level 6 in Polearms
  3419 | D:4      | Found a staircase to the Ecumenical Temple.
  3536 | D:4      | Reached XP level 7. HP: 48/55 MP: 7/7
  4047 | D:4      | Found a large runed translucent door.
  4048 | D:4      | Found a large runed translucent door.
  4048 | D:4      | Noticed GenChuck's ghost (novice SpCj)
  4303 | D:4      | Killed GenChuck's ghost
  4303 | D:4      | Reached skill level 1 in Shields
  4453 | D:5      | Entered Level 5 of the Dungeon
  4607 | D:5      | Reached skill level 5 in Fighting
  4811 | D:5      | Found a burning altar of Makhleb.
  4811 | D:5      | Noticed an Executioner
  4814 | D:5      | Noticed a hellwing
  4814 | D:5      | Noticed a ynoxinul
  4950 | D:5      | Got a brightly glowing helmet
  4956 | D:5      | Identified the +3 helmet of the Louse {rC+} (You found it
                  | on level 5 of the Dungeon)
  5035 | D:5      | Reached skill level 7 in Polearms
  5035 | D:5      | Reached XP level 8. HP: 62/62 MP: 8/8
  5638 | D:6      | Found a transporter.
  5638 | D:6      | Noticed Gazerockf's ghost (novice MiBe)
  5815 | D:6      | Found a transporter.
  5916 | D:6      | Found Soimurcha's Gadget Shop.
  6013 | D:6      | Found a basalt altar of Yredelemnul.
  6117 | D:6      | Killed Gazerockf's ghost
  6123 | D:6      | Received a gift from Trog
  6123 | D:6      | Reached skill level 8 in Polearms
  6228 | D:6      | Reached XP level 9. HP: 69/69 MP: 9/9
  6336 | D:7      | Found a snail-covered altar of Cheibriados.
  6796 | D:7      | Reached **** piety under Trog
  7158 | D:7      | Reached skill level 9 in Polearms
  7236 | D:7      | Found a runed translucent door.
  7237 | D:7      | Noticed Crazy Yiuf
  7552 | D:7      | Killed Crazy Yiuf
  7801 | D:8      | Noticed Grum
  7883 | D:8      | Found a shimmering altar of Xom.
  7883 | D:8      | Found a glowing silver altar of Zin.
  7883 | D:8      | Noticed an angel
  7918 | D:8      | Noticed a two-headed ogre
  7932 | D:8      | Killed a two-headed ogre
  7932 | D:8      | Reached skill level 5 in Armour
  7932 | D:8      | Reached XP level 10. HP: 79/79 MP: 10/10
  8193 | D:9      | Found Qoax's Assorted Antiques.
  8196 | D:9      | Bought a scroll labeled NESULA DEOB for 26 gold pieces
  8196 | D:9      | Bought a scorched leather armour for 182 gold pieces
  8196 | D:9      | Bought a crooked glass wand for 104 gold pieces
  8207 | D:9      | Identified the +3 leather armour "Pabiki" {rElec rCorr
                  | Slay+5 Stlth-} (You bought it in a shop on level 9 of the
                  | Dungeon)
  8231 | D:9      | Reached skill level 10 in Polearms
  8495 | D:9      | Found a staircase to the Orcish Mines.
  8542 | D:9      | Reached ***** piety under Trog
  8704 | D:9      | Found an ancient bone altar of Kikubaaqudgha.
  8759 | D:10     | Entered Level 10 of the Dungeon
  8943 | D:10     | Reached skill level 11 in Polearms
  9140 | D:10     | Noticed a two-headed ogre
  9146 | D:10     | Killed a two-headed ogre
  9146 | D:10     | Reached skill level 5 in Dodging
  9146 | D:10     | Reached XP level 11. HP: 86/86 MP: 11/11
  9232 | D:10     | Found Zacsont's Weapon Emporium.
  9551 | D:10     | Found a staircase to the Lair.
  9885 | Lair:1   | Entered Level 1 of the Lair of Beasts
  9896 | Lair:1   | HP: 41/87 [spiny frog (23)]
  9901 | Lair:1   | HP: 53/130 [poisoned by a spiny frog]
  9906 | Lair:1   | HP: 29/87 [poisoned by a spiny frog]
  9911 | Lair:1   | HP: 19/87 [poisoned by a spiny frog]
  9916 | Lair:1   | HP: 14/87 [poisoned by a spiny frog]
  9921 | Lair:1   | HP: 13/87 [poisoned by a spiny frog]
  9927 | Lair:1   | HP: 14/87 [poisoned by a spiny frog]
  9933 | Lair:1   | HP: 15/87 [poisoned by a spiny frog]
 10132 | Lair:1   | HP: 43/87 [poisoned by a spiny frog]
 10137 | Lair:1   | HP: 38/87 [poisoned by a spiny frog]
 10142 | Lair:1   | HP: 27/87 [poisoned by a water moccasin]
 10147 | D:10     | HP: 34/130 [poisoned by a water moccasin]
 10153 | D:10     | HP: 20/87 [poisoned by a water moccasin]
 10159 | D:10     | HP: 19/87 [poisoned by a water moccasin]
 10164 | D:10     | HP: 20/87 [poisoned by a water moccasin]
 10169 | D:10     | HP: 21/87 [poisoned by a water moccasin]
 10391 | Lair:1   | Reached skill level 12 in Polearms
 10616 | Lair:1   | Received a gift from Trog
 10934 | Lair:1   | Noticed Gastronok
 10950 | Lair:1   | Killed Gastronok
 10950 | Lair:1   | Reached XP level 12. HP: 96/96 MP: 12/12
 11466 | Lair:2   | Noticed an eight-headed hydra
 11471 | Lair:2   | Killed an eight-headed hydra
 11471 | Lair:2   | Reached skill level 13 in Polearms
 12344 | Lair:3   | Noticed Nergalle
 12479 | D:8      | Killed Grum
 12479 | D:8      | Reached skill level 10 in Fighting
 12688 | Orc:1    | Entered Level 1 of the Orcish Mines
 12766 | Orc:1    | Reached ****** piety under Trog
 13094 | Orc:2    | Entered Level 2 of the Orcish Mines
 13094 | Orc:2    | Found a staircase to the Elven Halls.
 13110 | Orc:1    | HP: 72/145 [orc knight/+0 dire flail (15)]
 13112 | Orc:1    | Received a gift from Trog
 13116 | Orc:1    | HP: 69/145 [orc sorcerer/+0 dagger[an orc knight] (3)]
 13284 | Orc:2    | Noticed Urug
 13300 | Orc:2    | HP: 43/97 [orc/+0 trident (7)]
 13306 | Orc:1    | HP: 38/145 [poisoned by Urug]
 13310 | Orc:1    | Killed Urug
 13312 | Orc:1    | HP: 26/145 [poisoned by Urug]
 13317 | Orc:1    | HP: 16/97 [poisoned by Urug]
 13323 | Orc:1    | HP: 18/97 [poisoned by Urug]
 13328 | Orc:1    | HP: 19/97 [poisoned by Urug]
 13514 | Orc:2    | Noticed Josephine
 13523 | Orc:2    | Killed Josephine
 14050 | Lair:3   | Reached skill level 14 in Polearms
 14255 | Lair:4   | Reached XP level 13. HP: 104/104 MP: 13/13
 14409 | Lair:4   | Got a translucent leather armour
 14420 | Lair:4   | Identified the +3 leather armour of Temperance {+Blink
                  | Int+4 SInv} (You found it on level 4 of the Lair of Beasts)
 14677 | Lair:4   | Received a gift from Trog
 14677 | Lair:4   | Reached skill level 10 in Dodging
 14732 | Lair:4   | Found a staircase to the Snake Pit.
 14741 | Snake:1  | Entered Level 1 of the Snake Pit
 14749 | Snake:1  | HP: 42/106 [black mamba (13)]
 14750 | Snake:1  | HP: 14/106 [black mamba (17)]
 14755 | Lair:4   | HP: 10/106 [poisoned by a black mamba]
 14760 | Lair:4   | HP: 7/106 [poisoned by a black mamba]
 14766 | Lair:4   | HP: 6/106 [poisoned by a black mamba]
 14772 | Lair:4   | HP: 6/106 [poisoned by a black mamba]
 14780 | Lair:4   | HP: 8/106 [poisoned by a black mamba]
 14788 | Lair:4   | HP: 9/106 [poisoned by a black mamba]
 16203 | Lair:6   | Entered Level 6 of the Lair of Beasts
 16547 | Lair:5   | HP: 54/109 [poisoned by a spiny frog]
 16552 | Lair:5   | HP: 51/109 [poisoned by a spiny frog]
 16557 | Lair:5   | HP: 76/163 [poisoned by a spiny frog]
 16564 | Lair:5   | HP: 75/163 [poisoned by a spiny frog]
 16569 | Lair:5   | HP: 50/109 [poisoned by a spiny frog]
 16575 | Lair:5   | HP: 51/109 [poisoned by a spiny frog]
 16580 | Lair:5   | HP: 53/109 [poisoned by a spiny frog]
 16733 | Lair:6   | HP: 54/109 [seven-headed hydra (10)]
 16741 | Lair:6   | Noticed Nessos
 17037 | Lair:6   | Received a gift from Trog
 17040 | Lair:6   | Reached XP level 14. HP: 118/118 MP: 14/14
 17467 | Lair:6   | Killed Nessos
 17660 | Lair:6   | Found a staircase to the Slime Pits.
 17965 | Lair:3   | Found a staircase to the Swamp.
 18306 | Lair:3   | HP: 34/118 [Nergalle/bolt of negative energy (31)]
 18308 | Lair:3   | HP: 13/118 [Nergalle/bolt of negative energy (22)]
 18310 | Lair:3   | HP: 6/118 [spectral orc warrior/+0 mace[Nergalle] (4)]
 18311 | Lair:3   | Slain by a spectral orc warrior

Skill      XL: |  1  2  3  4  5  6  7  8  9 10 11 12 13 14 |
---------------+-------------------------------------------+-----
Polearms       | 3 4 5 6 7 8 9 11 12 14 | 14.0
Fighting       | 3 4 5 6 7 8 9 10 13 | 13.5
Armour         | 2 3 5 |  5.2
Shields        | 2 3 4 |  4.0
Dodging        | 5 7 9 11 12 | 12.0

Action                   |  1- 3 |  4- 6 |  7- 9 | 10-12 | 13-15 || total
-------------------------+-------+-------+-------+-------+-------++-------
Melee: Spear             |   120 |       |       |       |       ||   120
       Bite              |     7 |    13 |    32 |    78 |    51 ||   181
       Trident           |    26 |   172 |   364 |   566 |       ||  1128
       Demon trident     |       |       |       |   105 |   373 ||   478
Invok: Berserk           |     2 |     3 |    10 |    18 |     6 ||    39
Evoke: Wand              |       |     3 |       |       |       ||     3
  Use: Potion            |    10 |     8 |    27 |    50 |    23 ||   118
       Scroll            |    11 |     1 |     8 |     6 |     3 ||    29
 Stab: Sleeping          |     2 |       |       |       |       ||     2
       Betrayed ally     |       |     1 |       |       |       ||     1
Armor: Animal skin       |     7 |       |       |       |       ||     7
       Chain mail        |    23 |    72 |   165 |     9 |       ||   269
       Leather armour    |       |       |       |   130 |    78 ||   208
       Skin              |       |       |       |       |     1 ||     1
Dodge: Dodged            |    65 |    47 |    98 |   202 |   280 ||   692
Block: Buckler           |       |     3 |    63 |    68 |    96 ||   230

Levels and vault maps discovered:
D:1:      nicolae_arrival_washed_ashore, layout_loops_ring, minmay_3d_cube
D:2:      layout_loops_ring, tso_altar, lemuel_round_altar,
          chequers_ecumenical_altar_island
D:3:      layout_basic, nicolae_ru_awakened_eye,
          chequers_temple_overflow_statue_of_worship, gup_sewer_entry_bowl,
          uniq_sigmund, uniq_ijyb, uniq_jessica, uniq_terence
D:4:      layout_layer_cave, lemuel_round_altar, minmay_temple_entry_tees,
          ebering_ghost_disaster_area
D:5:      layout_loops_corners, makhleb_altar_promises_db, first_ration
D:6:      layout_rooms, lemuel_zombie_altar_yredelemnul, serial_shops,
          nicolae_shop_stone, gammafunk_ghost_mausoleum
D:7:      layout_basic, slow_altar_1, uniq_crazy_yiuf_cottage
D:8:      layout_cave_pools, grunt_temple_overflow_order_and_chaos_1,
          grunt_pizzeria, uniq_grum
D:9:      layout_roguey, kennysheep_mini_moat, orc_0_dummy, serial_shops,
          shop_statue, minmay_between
D:10:     layout_stronghold, david_lair_generic, serial_shops, shop
Lair:1:   layout_regular_city, enter_volcano_3, grunt_megastairs_5,
          minmay_lair_oklob_chamber, uniq_gastronok
Lair:2:   layout_gridlike, small_statue_intersection, grunt_megastairs_3
Lair:3:   layout_chaotic_city, skrybe_swamp_entry_bodies, serial_bayou_crossing,
          uniq_nergalle
Lair:4:   layout_long_grid, guppyfry_snake_entry_island
Lair:5:   layout_regular_city
Lair:6:   minmay_lair_end_frog_pond, layout_small_grid, dpeg_slime_entry_corner,
          grunt_forest_small_clearings, uniq_nessos
Snake:1:  layout_grid_maze, nicolae_snake_springs
Orc:1:    layout_diamond_mine
Orc:2:    st_orc_elflike, layout_caves, basic_altar, uniq_josephine, uniq_urug,
          uniq_azrael
Sewer:    sewer_co_cracked_pipes
